Map: Eastwatch LE

Players

Eleven - Winner!

  • Race: Zerg Zerg
  • League: Platinum
  • Spawn Location: 1:00

Subwayeatn

  • Race: Zerg Zerg
  • League: Platinum
  • Spawn Location: 7:00

VOD

Have the link to the VOD?

Description

Time

  • Played on: May 10, 2018, 5:59 p.m.
  • Length: 9:53
Show
View Real Time Build Order
Export as new Build Order

Eleven Zerg - Winner!

Build Orders: Hatch First 

Get SALT Encoding   

  12  0:01  Drone  
  13  0:12  Overlord  
  13  0:17  Drone  
  14  0:31  Drone x2  
  14  0:34  Drone  
  17  0:54  Hatchery  
  17  0:56  Drone  
  17  0:59  Extractor  
  17  1:02  Drone  
  17  1:17  Spawning Pool  
  16  1:20  Drone  
  16  1:24  Drone  
  18  1:30  Drone  
  19  1:39  Overlord  
  19  2:04  Queen  
  19  2:06  Queen  
  19  2:08  Zergling x6  
  26  2:13  Metabolic Boost  
  26  2:17  Drone  
  27  2:23  Zergling x4  
  29  2:32  Baneling Nest  
  29  2:33  Drone  
  30  2:37  Zergling x2  
  30  2:40  Drone  
  31  2:51  Queen  
  33  2:56  Overlord  
  33  2:59  Drone  
  34  3:19  Baneling x3  
  34  3:22  Baneling x2  
  34  3:23  Drone x5  
  39  3:42  Drone x3  
  39  3:43  Drone x2  
  44  3:50  Overlord x2  
  44  3:56  Extractor  
  44  3:57  Extractor  
  44  3:58  Roach Warren  
  44  4:02  Baneling x2  
  40  4:03  Zergling x4  
  42  4:17  Drone  
  42  4:18  Drone x4  
  47  4:33  Drone x4  
  47  4:38  Hatchery  
  50  4:56  Roach x5  
  50  4:57  Overlord x2  
  60  5:01  Overlord  
  60  5:07  Evolution Chamber, Drone  
  60  5:08  Evolution Chamber  
  60  5:09  Drone  
  60  5:26  Roach x3  
  60  5:27  Roach x3  
  72  5:33  Drone x2  
  72  5:34  Drone  
  75  5:36  Drone  
  75  5:38  Drone  
  75  5:42  Zerg Missile Weapons Level 1  
  74  6:04  Lair  
  74  6:07  Roach x7  
  74  6:08  Roach  
  89  6:13  Zerg Ground Armor Level 1  
  89  6:51  Overlord x3  
  89  7:01  Extractor  
  88  7:06  Hydralisk Den  
  87  7:14  Overlord x2  
  87  7:15  Drone x4  
  89  7:16  Drone x8  
  89  7:17  Drone x7  
  89  7:20  Pneumatized Carapace  
  105  7:50  Roach x4, Hydralisk x5  
  119  7:53  Extractor  
  119  7:54  Extractor  
  117  8:15  Roach x2  
  117  8:17  Overlord x4  
  117  8:35  Roach x2, Hydralisk  
  117  8:37  Roach x4, Hydralisk x2  
  117  8:49  Roach x5, Hydralisk x6  
  127  9:40  Hatchery  
  127  9:41  Infestation Pit  
Show
View Real Time Build Order
Export as new Build Order

Subwayeatn Zerg 

Build Orders: Pool First 

Get SALT Encoding   

  12  0:01  Drone  
  13  0:12  Overlord  
  13  0:19  Drone  
  14  0:30  Drone x2  
  14  0:34  Drone  
  17  0:45  Spawning Pool  
  17  0:49  Drone  
  17  0:53  Extractor  
  17  0:55  Drone  
  17  1:15  Hatchery  
  16  1:23  Drone x2  
  18  1:27  Drone  
  19  1:37  Queen  
  21  1:44  Overlord  
  21  1:49  Drone  
  22  1:57  Metabolic Boost  
  22  2:04  Drone  
  23  2:10  Drone  
  24  2:22  Queen  
  26  2:27  Queen  
  28  2:35  Zergling x6  
  31  2:40  Zergling x2  
  32  2:49  Overlord  
  32  2:54  Zergling x6  
  32  2:55  Zergling x2  
  36  3:07  Evolution Chamber  
  36  3:08  Evolution Chamber  
  34  3:21  Drone x5  
  39  3:31  Drone x2  
  41  3:47  Zerg Ground Armor Level 1  
  41  3:49  Drone x3  
  44  4:13  Zerg Melee Weapons Level 1  
  44  4:14  Lair, Hatchery  
  44  4:16  Drone  
  44  4:17  Overlord  
  44  4:18  Overlord  
  44  4:31  Extractor x2  
  44  4:32  Drone x2  
  44  4:33  Extractor, Drone  
  44  4:37  Drone x3  
  47  4:39  Drone x2  
  47  4:41  Drone  
  50  5:03  Drone x2  
  50  5:04  Drone x5  
  57  5:32  Queen  
  57  5:34  Drone  
  60  5:42  Infestation Pit, Zerg Ground Armor Level 2  
  59  5:46  Drone  
  59  5:47  Drone x6  
  66  6:12  Overlord  
  66  6:13  Overlord x2  
  66  6:17  Hatchery  
  65  6:23  Zerg Melee Weapons Level 2  
  65  6:25  Hive  
  65  6:27  Drone  
  65  6:28  Overlord x2  
  65  6:29  Overlord  
  66  6:38  Extractor  
  66  6:39  Extractor, Drone x2  
  66  6:57  Drone x3  
  69  7:13  Zergling x2  
  69  7:14  Zergling x26  
  83  7:26  Spine Crawler  
  83  7:27  Spine Crawler  
  83  7:28  Zergling x2, Spine Crawler  
  83  7:29  Zergling x6  
  84  7:34  Extractor  
  84  7:35  Extractor  
  76  7:48  Zergling x26  
  70  8:00  Zergling x2  
  70  8:01  Zergling x6  
  68  8:05  Zergling x4  
  68  8:06  Zergling x4  
  68  8:07  Ultralisk Cavern  
  67  8:14  Zergling x14  
  70  8:30  Zergling x10  
  68  8:44  Drone x5  
  63  8:59  Ultralisk  
  69  9:18  Drone x4  
  73  9:28  Hatchery  
Tags
 
Add a new tag
Caveats
  • Supply blocks, unpowered buildings, or Contaminate may cause inaccurate times.
  • Supply counts are checked every 10 seconds.